[Event "Early-Titled-Tuesday-Blitz-August-29-2023"]
[Site "Chess.com"]
[Date "2023.08.29"]
[Round "5"]
[White "DanielTitichoca"]
[Black "ArtemDyachuk"]
[Result "0-1"]
[WhiteElo "2424"]
[BlackElo "2586"]
[TimeControl "180+1"]
[EndTime "8:55:23 PDT"]
[Termination "ArtemDyachuk won by resignation"]

1. e4 c5 2. Nf3 d6 3. d4 cxd4 4. Nxd4 Nf6 5. Nc3 Nc6 6. Bg5 e6 7. Qd2 Bd7 8. O-O-O a6 9. Kb1 Be7 10. h4 h6 11. Be3 Qc7 12. f3 O-O-O 13. Nb3 Ne5 14. h5 Bc6 15. Nd4 Bd7 16. Be2 Kb8 17. Rc1 Rc8 18. g3 Rhd8 19. g4 Nc4 20. Bxc4 Qxc4 21.
Nb3 d5 22. e5 Ne8 23. a3 f6 24. Bf4 Ka8 25. Rhe1 Bxa3 26. exf6 Nxf6 27. Be5 Bb4 28. Rcd1 Be8 29. Qd4 Qxd4 30. Nxd4 Bf7 31. Bxf6 gxf6 32. Nxe6 Rd6 33. Nd4 Be8 34. Nf5 Rb6 35. Nxd5 Rb5 36. Rxe8 Rxe8 37. Nc7+ Kb8 38. Nxe8 Bc3 39. b3 Ra5 40.
Rd8+ Ka7 0-1

[Event "Early-Titled-Tuesday-Blitz-August-29-2023"]
[Site "Chess.com"]
[Date "2023.08.29"]
[Round "5"]
[White "KononenkoD"]
[Black "masterofpuppets2"]
[Result "0-1"]
[WhiteElo "2642"]
[BlackElo "2461"]
[TimeControl "180+1"]
[EndTime "8:55:24 PDT"]
[Termination "masterofpuppets2 won on time"]

1. e4 c5 2. Nf3 Nc6 3. d4 cxd4 4. Nxd4 Nf6 5. Nc3 d6 6. Bc4 e6 7. Bb3 Be7 8. f4 a6 9. O-O O-O 10. Kh1 Qc7 11. f5 Nxd4 12. Qxd4 Ng4 13. Qd1 Ne5 14. Bf4 Bf6 15. Qe2 b5 16. Rad1 b4 17. Nb1 a5 18.
c4 a4 19. Bxe5 Bxe5 20. Bc2 Bb7 21. Bd3 Kh8 22. Qh5 exf5 23. exf5 f6 24. Nd2 Qf7 25. Qh4 Bxb2 26. Be4 Be5 27. Bxb7 Qxb7 28. Rf3 b3 29. Nxb3 axb3 30. axb3 Ra2 31. Rg1 Rb2 32. Rh3 h6 33. Qh5 Rxb3 34. Rh4 Rb1 35. Qe2 Qb6 36.
c5 Rxg1+ 37. Kxg1 Qxc5+ 38. Qf2 Qc1+ 39. Qf1 Qe3+ 40. Kh1 Rc8 41. Rg4 Rc1 0-1

[Event "Early-Titled-Tuesday-Blitz-August-29-2023"]
[Site "Chess.com"]
[Date "2023.08.29"]
[Round "5"]
[White "ViktoriyaTarasova"]
[Black "Goffredo_Fofi"]
[Result "1-0"]
[WhiteElo "2419"]
[BlackElo "2545"]
[TimeControl "180+1"]
[EndTime "8:55:24 PDT"]
[Termination "ViktoriyaTarasova won by checkmate"]

1. d4 g6 2. c4 Bg7 3. e4 d6 4.
Nc3 c5 5. Nge2 Nc6 6. d5 Nd4 7.
Nxd4 Bxd4 8. Be2 e6 9. O-O a6 10. a4 Ne7 11. Be3 Bxe3 12. fxe3 O-O 13. a5 e5 14. g4 Bd7 15. Kh1 Kg7 16. g5 Ng8 17.
Rg1 f6 18. h4 fxg5 19. hxg5 h6 20. Qe1 hxg5 21. Kg2 Nh6 22. Qg3 Qe7 23. Rh1 Rh8 24.
Rab1 Nf7 25. Bg4 Rxh1 26. Rxh1 Bxg4 27. Qxg4 Rh8 28. Rxh8 Kxh8 29. Qe6 Qf8 30. Qxg6 Qg7 31. Qe6 Kh7 32. Ne2 Qg6 33. Qe7 g4 34. Ng3 Kg8 35.
Nf5 Ng5 36. Qd8+ Kh7 37. Qd7+ Kh8 38. Qc8+ Kh7 39. Qxb7+ Kh8 40. Qc8+ Kh7 41. Qd7+ Kh8 42. Qxd6 Qh5 43. Qf8+ Kh7 44. Qg7# 1-0

[Event "Early-Titled-Tuesday-Blitz-August-29-2023"]
[Site "Chess.com"]
[Date "2023.08.29"]
[Round "5"]
[White "KNVB"]
[Black "kecalk"]
[Result "1-0"]
[WhiteElo "2787"]
[BlackElo "2482"]
[TimeControl "180+1"]
[EndTime "8:55:25 PDT"]
[Termination "KNVB won by resignation"]

1. d4 Nf6 2. Bf4 d5 3. e3 c5 4. c3 e6 5. Nf3 Bd6 6. Nbd2 O-O 7. Bd3 Bxf4 8. exf4 b6 9. Qe2 a5 10. O-O Ba6 11. Bxa6 Rxa6 12. Rfe1 Ra7 13. g3 Nc6 14. Qe3 Ng4 15. Qd3 c4 16. Qc2 b5 17. f5 Qd6 18.
fxe6 fxe6 19. Ng5 g6 20. f4 Rf6 21. Ndf3 h6 22. Ne5 Ncxe5 23. fxe5 Qf8 24. exf6 Qxf6 25. Nh3 Rf7 26. Qe2 h5 27. Rf1 Qg7 28. Rxf7 Qxf7 29. Ng5 Qc7 30. Qxe6+ Kg7 31. Rf1 Kh6 32. Nf7+ Kg7 33.
Ne5 Nxe5 34. Qxe5+ Qxe5 35. dxe5 b4 36. Rf6 d4 37.
cxd4 a4 38. Rc6 c3 39. bxc3 b3 40. axb3 axb3 41. Rb6 1-0

[Event "Early-Titled-Tuesday-Blitz-August-29-2023"]
[Site "Chess.com"]
[Date "2023.08.29"]
[Round "5"]
[White "M1711"]
[Black "a-z30"]
[Result "1-0"]
[WhiteElo "2540"]
[BlackElo "2359"]
[TimeControl "180+1"]
[EndTime "8:55:25 PDT"]
[Termination "M1711 won on time"]

1. e4 d6 2. d4 Nf6 3. Nc3 g6 4. f4 Bg7 5. Nf3 O-O 6. e5 dxe5 7. fxe5 Nd5 8. Bc4 Nxc3 9. bxc3 c5 10. Be3 Bg4 11. h3 cxd4 12. cxd4 Bxf3 13. Qxf3 Nc6 14. c3 Rc8 15. O-O Nxe5 16. dxe5 Rxc4 17. Qxb7 a5 18. Bd4 Rxd4 19. cxd4 Qxd4+ 20. Kh1 e6 21. Qb5 Qxe5 22. Qxe5 Bxe5 23. Rab1 a4 24. Rb7 a3 25. Ra7 Bb2 26. g3 h5 27. Kg2 Kg7 28. Rf4 g5 29. Rf3 Kg6 30. Rf1 f6 31. Rd1 Rc8 32. Rd2 Rc6 33.
Rad7 e5 34. R7d6 Rxd6 35. Rxd6 g4 36. h4 Kf5 37. Rd8 Ke4 38. Rh8 f5 39. Rxh5 f4 40. Rg5 f3+ 41. Kf1 Kd3 42. Rxg4 e4 43. Rf4 Bc3 44.
h5 Be5 45. Rf5 1-0

[Event "Early-Titled-Tuesday-Blitz-August-29-2023"]
[Site "Chess.com"]
[Date "2023.08.29"]
[Round "5"]
[White "mishanick"]
[Black "BilodeauA"]
[Result "1-0"]
[WhiteElo "3125"]
[BlackElo "2932"]
[TimeControl "180+1"]
[EndTime "8:55:26 PDT"]
[Termination "mishanick won on time"]

1. d4 d5 2. c4 dxc4 3. Nf3 a6 4. e3 Bg4 5. Bxc4 e6 6. h3 Bh5 7. Nc3 Nc6 8. O-O Nf6 9. Re1 Be7 10. Be2 O-O 11. b3 Nd5 12. Bb2 f5 13. Rc1 Bd6 14. Na4 Qe8 15. Nc5 Bxc5 16. Rxc5 Rd8 17. Nd2 Bxe2 18.
Qxe2 Nb8 19. e4 fxe4 20. Qxe4 Nd7 21. Rcc1 Rf6 22. Nf3 h6 23. Ba3 Qh5 24. Rc2 Qf5 25.
Qxf5 exf5 26. Be7 Nxe7 27. Rxe7 c6 28. d5 Kf8 29. Re1 Nb8 30. dxc6 Nxc6 31. Rc5 Rd7 32. Re2 Kf7 33. b4 g5 34. Kh2 Re7 35. Rb2 Kg6 36. b5 axb5 37. Rcxb5 Rff7 38. Rb6 Kg7 39. a4 g4 40. Nh4 h5 41. R2b5 Re5 42. Rxc6 Rxb5 43. Rg6+ Kh7 44. axb5 f4 45. Rg5 1-0

[Event "Early-Titled-Tuesday-Blitz-August-29-2023"]
[Site "Chess.com"]
[Date "2023.08.29"]
[Round "5"]
[White "DawidCzerw"]
[Black "Legendinunknown"]
[Result "1/2-1/2"]
[WhiteElo "2494"]
[BlackElo "2792"]
[TimeControl "180+1"]
[EndTime "8:55:26 PDT"]
[Termination "Game drawn by repetition"]

1. e4 c5 2. Nf3 d6 3. d4 cxd4 4. Nxd4 Nf6 5. Nc3 Nc6 6. f3 e5 7. Nb3 Be7 8. Be3 O-O 9. Qd2 a5 10. Bb5 Be6 11. O-O-O Na7 12. a4 Nxb5 13. Nxb5 d5 14. Bc5 b6 15. Bxe7 Qxe7 16. exd5 Bxd5 17. Kb1 Bxb3 18. cxb3 e4 19. Rhe1 Rad8 20. Qe3 Rxd1+ 21. Rxd1 Re8 22. fxe4 Qxe4+ 23. Qxe4 Nxe4 24. Rd7 h5 25. Rb7 Re6 26. Nc7 Rd6 27. Na8 Rd2 28. Nxb6 Rxg2 29. b4 axb4 30. Nc4 Rxh2 31. a5 Nc5 32.
Rxb4 Rh1+ 33. Ka2 Rc1 34. Ne5 f6 35. Nf3 g5 36. Rb8+ Kg7 37. b4 Ne4 38. a6 Rc2+ 39.
Kb1 Rc3 40. a7 Ra3 41. a8=Q Rxa8 42. Rxa8 g4 43. Nh4 Kh6 44. Kc2 Kg5 45. Ng2 h4 46. Rg8+ Kf5 47. Nxh4+ Kf4 48. Kd3 g3 49. Ng2+ Kf3 50. Ne1+ Kf4 51. b5 f5 52. b6 Nc5+ 53. Kc4 Nb7 54. Kb5 Ke3 55. Rg4 fxg4 56. Ng2+ Kf2 57. Nh4 g2 58. Nxg2 Kxg2 59. Kc6 Na5+ 60. Kb5 Nb7 61. Kc6 Nd8+ 62. Kd7 Nb7 63. Kc6 1/2-1/2

[Event "Early-Titled-Tuesday-Blitz-August-29-2023"]
[Site "Chess.com"]
[Date "2023.08.29"]
[Round "5"]
[White "cycygogne"]
[Black "FARIZA2018"]
[Result "0-1"]
[WhiteElo "2244"]
[BlackElo "2515"]
[TimeControl "180+1"]
[EndTime "8:55:26 PDT"]
[Termination "FARIZA2018 won on time"]

1. e4 e5 2. Nf3 Nc6 3. Bc4 Nf6 4. d4 exd4 5. Ng5 Ne5 6. Bb3 h6 7. f4 hxg5 8. fxe5 Nxe4 9. Qxd4 Nc5 10. Be3 Nxb3 11.
axb3 d6 12. Nc3 dxe5 13. Qxe5+ Be6 14. Bxg5 Qd6 15. Qxd6 Bxd6 16. O-O-O f6 17. Be3 Kf7 18. g3 a6 19. Ne4 Be5 20. Nc5 Bc8 21. Nd3 Bd6 22. Bf4 Bxf4+ 23. Nxf4 Bg4 24. Rd2 Rad8 25. h4 Rhe8 26. Rxd8 Rxd8 27. Re1 Rd6 28. c4 b6 29. Kc2 Bf5+ 30. Kc3 c5 31. Nd5 Be6 32. Nf4 a5 33.
Nxe6 Rxe6 34. Rd1 Kg6 35. Rd7 Kh6 36. Kd3 g5 37. hxg5+ Kxg5 38. Rg7+ Kf5 39. Rg8 Re1 40. Kd2 Rb1 41. Kc2 Rg1 42. Rg7 Rg2+ 43. Kc3 Ke4 0-1

[Event "Early-Titled-Tuesday-Blitz-August-29-2023"]
[Site "Chess.com"]
[Date "2023.08.29"]
[Round "5"]
[White "KChor05TTV"]
[Black "Kirill_Klukin"]
[Result "0-1"]
[WhiteElo "2594"]
[BlackElo "2808"]
[TimeControl "180+1"]
[EndTime "8:55:27 PDT"]
[Termination "Kirill_Klukin won on time"]

1. e4 c5 2. Nf3 g6 3. d4 cxd4 4. Qxd4 Nf6 5. Nc3 Nc6 6. Qa4 d6 7. e5 dxe5 8. Nxe5 Bd7 9. Nxd7 Nxd7 10. Bb5 Bg7 11. Bxc6 bxc6 12. Qxc6 Rc8 13. Qf3 Bxc3+ 14. bxc3 O-O 15. O-O Qc7 16. Bd2 Ne5 17. Qg3 Nc4 18. Bf4 Qc6 19. Rfe1 Rfe8 20. Rad1 Qa4 21. h4 Qxc2 22.
Rd7 Qxa2 23. Rexe7 Rxe7 24. Rxe7 Nb6 25. Qg5 Nd5 26.
Be5 Nxe7 27. Qf6 Kf8 28. Bd6 Qa1+ 29. Kh2 Qxc3 30. Qxe7+ Kg8 31. Be5 Qc6 32. Bd6 a5 33. h5 Re8 34. Qf6 Re6 35. Qd8+ Qe8 36. Qc7 gxh5 37.
Bg3 a4 38. Qf4 Rg6 39. Bh4 h6 40. g3 a3 41. Qf5 a2 42. Bf6 Qe6 0-1

[Event "Early-Titled-Tuesday-Blitz-August-29-2023"]
[Site "Chess.com"]
[Date "2023.08.29"]
[Round "5"]
[White "borocotoajua"]
[Black "Staudenhocker43"]
[Result "1-0"]
[WhiteElo "2427"]
[BlackElo "2577"]
[TimeControl "180+1"]
[EndTime "8:55:28 PDT"]
[Termination "borocotoajua won on time"]

1. d4 Nf6 2. Nf3 g6 3. c4 Bg7 4. g3 O-O 5. Bg2 d6 6. O-O c5 7.
Nc3 Nc6 8. d5 Na5 9. Nd2 e6 10.
e4 exd5 11. cxd5 a6 12. Qc2 b5 13. Rb1 b4 14. Nd1 Bd7 15. b3 Re8 16. Re1 Nxd5 17. Bb2 Bb5 18. Bxg7 Kxg7 19. Nc4 Bxc4 20. bxc4 Nb6 21.
a3 Rc8 22. axb4 Naxc4 23. Qa2 cxb4 24. Rxb4 a5 25. Rb5 Qf6 26. h4 Re5 27. Rb1 Rec5 28. Qe2 h5 29. Ne3 Nxe3 30. Qxe3 Nc4 31. Qe2 a4 32. Rec1 a3 33. Qa2 Qd4 34. Rb4 Qd2 35.
Qa1+ Kg8 36. Rb7 a2 37. Bf1 Ne5 38. Rxc5 Rxc5 39. Rb8+ Kh7 40. Rb2 1-0

[Event "Early-Titled-Tuesday-Blitz-August-29-2023"]
[Site "Chess.com"]
[Date "2023.08.29"]
[Round "5"]
[White "MathiasWomacka"]
[Black "jinbojinbo"]
[Result "1/2-1/2"]
[WhiteElo "2470"]
[BlackElo "2674"]
[TimeControl "180+1"]
[EndTime "8:55:29 PDT"]
[Termination "Game drawn by repetition"]

1. e4 e5 2. Nf3 Nc6 3. Bb5 a6 4. Bxc6 dxc6 5. O-O Bg4 6. h3 h5 7. d3 Qf6 8. Nbd2 Bd6 9. Re1 Ne7 10. d4 Bxf3 11.
Nxf3 Ng6 12. c3 Qe7 13. dxe5 Nxe5 14. Nxe5 Bxe5 15. Be3 Bd6 16. Bd4 O-O-O 17. e5 Bc5 18. Bxc5 Qxc5 19. Qf3 Rd2 20. Re2 Rxe2 21. Qxe2 Re8 22.
Re1 g6 23. Qe3 Qd5 24. Qa7 Rxe5 25. Rxe5 Qxe5 26. Qa8+ Kd7 27. Qxb7 Qe1+ 28. Kh2 Qxf2 29. Qxa6 Qxb2 30. Qd3+ Kc8 31. Qc4 Kb7 32. Qxf7 Qxc3 33.
Qxg6 Qe5+ 34. Qg3 Qd4 35. Qb3+ Ka7 36. Qf3 c5 37. Qxh5 c4 38. Qa5+ Kb7 39. Qb5+ Kc8 40. Qe8+ Kb7 41. Qb5+ Ka7 42. Qa5+ Kb8 43. Qb5+ Ka8 44.
Qa4+ Kb8 45. Qb5+ Kc8 46. Qe8+ Kb7 47. Qb5+ 1/2-1/2

[Event "Early-Titled-Tuesday-Blitz-August-29-2023"]
[Site "Chess.com"]
[Date "2023.08.29"]
[Round "5"]
[White "sorch29"]
[Black "Mikhail_Golubev"]
[Result "1-0"]
[WhiteElo "2369"]
[BlackElo "2564"]
[TimeControl "180+1"]
[EndTime "8:55:30 PDT"]
[Termination "sorch29 won on time"]

1. d4 Nf6 2. c4 g6 3. Nc3 Bg7 4. e4 d6 5. Be2 O-O 6. Nf3 e5 7. d5 a5 8. Bg5 h6 9. Bh4 Na6 10. Nd2 Bd7 11. O-O Qe8 12. b3 Nh7 13.
f3 h5 14. a3 Bh6 15. Bf2 Qe7 16. Rb1 Qg5 17. Rb2 Bh3 18. g3 Bxf1 19. Nxf1 Qe7 20. b4 axb4 21. axb4 Nb8 22. Kg2 Nd7 23. Nb5 Rfc8 24.
Rc2 Nhf6 25. c5 Ne8 26. c6 bxc6 27. Rxc6 Nb8 28. Rc2 Qd7 29. Nc3 Na6 30. Bb5 Qd8 31.
Qb1 Rcb8 32. Rb2 Rxb5 33. Nxb5 Qb8 34. Nc3 Qb7 35. Ra2 Rc8 36. b5 Nc5 37. Qc2 Bf8 38.
Nd2 Ra8 39. Nc4 Rxa2 40. Qxa2 Nf6 41. Bxc5 dxc5 42. Qa6 Qb8 43. Na5 Qd8 44. Nc6 Qd7 45.
h4 Bd6 46. Qa8+ Kg7 47. Qd8 Qxd8 48. Nxd8 Nd7 49. Nc6 Nb6 50. Kf2 f6 51. Ke2 Kf7 52.
Na5 c4 53. Na2 Ke8 54. Kd2 Kd7 55. Kc3 f5 56. Nxc4 Nxc4 57. Kxc4 f4 58. gxf4 exf4 59. Nc3 Be5 60. Ne2 Kd6 61. Kb4 1-0

[Event "Early-Titled-Tuesday-Blitz-August-29-2023"]
[Site "Chess.com"]
[Date "2023.08.29"]
[Round "5"]
[White "CalinGheorghiu"]
[Black "Grossboss19"]
[Result "1-0"]
[WhiteElo "2347"]
[BlackElo "2494"]
[TimeControl "180+1"]
[EndTime "8:55:30 PDT"]
[Termination "CalinGheorghiu won by checkmate"]

1. d4 Nf6 2. Bf4 c5 3. d5 b5 4. f3 d6 5. e4 a6 6. c4 g6 7. Ne2 Bg7 8. Ng3 Nbd7 9. Be2 Nb6 10.
Nd2 Nfd7 11. Rb1 Ne5 12. b3 h5 13. O-O O-O 14. Bg5 Qc7 15. h3 Re8 16. f4 Ned7 17. f5 f6 18. Be3 h4 19. Nh1 g5 20. Bh5 Rd8 21. Bg6 Nf8 22. Qh5 Nxg6 23. fxg6 Nd7 24. Nf3 Nf8 25. Nf2 Qd7 26. Ng4 Qe8 27. Nxg5 Bxg4 28.
hxg4 Qxg6 29. Qxg6 Nxg6 30. Ne6 Rdc8 31. g5 Ne5 32. gxf6 Bxf6 33. Rf5 bxc4 34. bxc4 Rab8 35. Rbf1 Rb2 36. Bg5 Bh8 37. Bxe7 Nxc4 38. Rg5+ Kh7 39. Rh5+ Kg6 40. Rg5+ Kh6 41. Rf4 Bd4+ 42. Nxd4 Rb1+ 43. Kh2 cxd4 44. Rxh4# 1-0

[Event "Early-Titled-Tuesday-Blitz-August-29-2023"]
[Site "Chess.com"]
[Date "2023.08.29"]
[Round "5"]
[White "Zhigalko_Sergei"]
[Black "albi1999"]
[Result "1-0"]
[WhiteElo "2933"]
[BlackElo "2674"]
[TimeControl "180+1"]
[EndTime "8:55:31 PDT"]
[Termination "Zhigalko_Sergei won on time"]

1. e4 e5 2. Nf3 Nc6 3. Bc4 Nf6 4. d3 Bc5 5. O-O d6 6. Nbd2 h6 7. c3 O-O 8. Bb3 a5 9. h3 Be6 10. Re1 Bxb3 11. Qxb3 Qd7 12. Nf1 a4 13. Qc2 d5 14. Be3 d4 15. cxd4 Bxd4 16. Bxd4 Nxd4 17. Nxd4 Qxd4 18. Ne3 c6 19. Nf5 Qd7 20. Rad1 Qe6 21. d4 exd4 22. Rxd4 Qxa2 23. e5 Rfe8 24. Re3 a3 25. Rb4 Qa1+ 26. Kh2 a2 27. Rg3 Qb1 28. Nxh6+ Kh8 29. Nxf7+ Kg8 30. Nh6+ Kh8 31. Qc4 a1=Q 32. Nf7+ Kh7 33. Ng5+ Kh6 34. Qh4+ Nh5 35. Nf7+ Kh7 36.
Qxh5+ Kg8 37. Nh6+ Kh8 38. Nf5+ Kg8 39. Rxg7+ 1-0

[Event "Early-Titled-Tuesday-Blitz-August-29-2023"]
[Site "Chess.com"]
[Date "2023.08.29"]
[Round "5"]
[White "KevinGeorgeMicheal"]
[Black "imdvb6307"]
[Result "1-0"]
[WhiteElo "2173"]
[BlackElo "2382"]
[TimeControl "180+1"]
[EndTime "8:55:31 PDT"]
[Termination "KevinGeorgeMicheal won on time"]

1. c4 Nf6 2. Nc3 c6 3. e4 d5 4. cxd5 cxd5 5. exd5 Nxd5 6. Bc4 Nb6 7. Bb3 Nc6 8. Nge2 Bf5 9. d4 e6 10. O-O Be7 11. d5 exd5 12. Nxd5 Nxd5 13. Qxd5 Qxd5 14.
Bxd5 Bd3 15. Re1 O-O-O 16. Nf4 Bb4 17. Re3 Bg6 18. a3 Bd6 19. Nxg6 hxg6 20. Bxc6 bxc6 21. g3 Bc5 22. Re1 Rd3 23. Be3 Bxe3 24. Rxe3 Rxe3 25.
fxe3 Rd8 26. Rc1 Kb7 27. Rc2 Rd3 28. Kf2 Rb3 29. Ke2 a5 30. Kd2 Kb6 31. Ke2 f5 32.
Kd2 c5 33. Ke2 Kc6 34. Kf3 Kd5 35. Rd2+ Ke5 36. Rc2 Rb5 37. a4 Rb4 38. Rxc5+ 1-0

[Event "Early-Titled-Tuesday-Blitz-August-29-2023"]
[Site "Chess.com"]
[Date "2023.08.29"]
[Round "5"]
[White "BogdanDeac"]
[Black "BlueWizzard"]
[Result "1/2-1/2"]
[WhiteElo "3017"]
[BlackElo "2900"]
[TimeControl "180+1"]
[EndTime "8:55:34 PDT"]
[Termination "Game drawn by repetition"]

1. e4 c5 2. Nf3 e6 3. h3 Nf6 4.
e5 Nd5 5. Nc3 Nc6 6. Bb5 Qc7 7.
Nxd5 exd5 8. O-O a6 9. Be2 Be7 10. d4 cxd4 11. Nxd4 Qxe5 12. Nf3 Qd6 13. Bd3 O-O 14. Re1 h6 15. c3 b5 16. Bc2 d4 17.
Qd3 f5 18. Nxd4 Nxd4 19. Qxd4 Qxd4 20. cxd4 Bb4 21. Re5 d6 22. Bb3+ Kh7 23. Re7 f4 24. a3 Ba5 25. Bd5 Rb8 26. b4 Bd8 27. Re4 g5 28. Bb2 Bf5 29. Ree1 Bf6 30. Rac1 Rfc8 31. f3 Kg6 32. Kf2 h5 33. Bc6 Rb6 34. Be4 Rbb8 35.
Bxf5+ Kxf5 36. Ke2 g4 37. hxg4+ hxg4 38. fxg4+ Kxg4 39.
Kd3 Kg3 40. Re6 Rxc1 41. Bxc1 Rf8 42. Rxd6 Bh4 43. Rg6+ Kf2 44. Ke4 Bg3 45. Rg4 Re8+ 46. Kd3 Rf8 47. Ke4 Re8+ 48. Kf5 Rf8+ 49. Ke4 1/2-1/2

[Event "Early-Titled-Tuesday-Blitz-August-29-2023"]
[Site "Chess.com"]
[Date "2023.08.29"]
[Round "5"]
[White "xamax2000"]
[Black "Vsevolod_Ovchinnikov"]
[Result "1-0"]
[WhiteElo "2855"]
[BlackElo "2619"]
[TimeControl "180+1"]
[EndTime "8:55:36 PDT"]
[Termination "xamax2000 won on time"]

1. Nf3 Nf6 2. g3 g6 3. c4 d5 4.
d4 dxc4 5. Bg2 Bg7 6. Na3 O-O 7.
Nxc4 Nc6 8. O-O Be6 9. b3 Bd5 10. Bb2 a5 11. a4 Qc8 12. Rc1 Rd8 13. e3 h6 14. Qe2 Qe6 15. Rfd1 Rac8 16. Ba3 b6 17. Nfe5 Bxg2 18. Kxg2 Nxe5 19. dxe5 Nd7 20. f4 f6 21. exf6 exf6 22. e4 f5 23. e5 Bf8 24.
Bxf8 Nxf8 25. Qf3 Rd7 26. Rxd7 Nxd7 27. Rd1 Nc5 28. Rd5 Ne4 29. Qd3 Nc5 30. Qf3 Ne4 31. Qd1 Re8 32. Qd4 Qc6 33. Kg1 Nc5 34. Nd2 Ne6 35.
Qd3 Kf8 36. h4 h5 37. Nf3 Ke7 38.
Nd4 Nxd4 39. Rxd4 Qc5 40. Kh2 Kf8 41. Rc4 Qe7 42. Rc6 Rd8 43. Qc3 Rd7 44. Rxg6 Rd1 45.
e6 Qh7 46. Qf6+ Ke8 47. Qxf5 Rd2+ 48. Kh3 Qh8 49. Qg5 1-0

[Event "Early-Titled-Tuesday-Blitz-August-29-2023"]
[Site "Chess.com"]
[Date "2023.08.29"]
[Round "5"]
[White "angryspacevoid"]
[Black "AlexandraSamaganova"]
[Result "1-0"]
[WhiteElo "2531"]
[BlackElo "2353"]
[TimeControl "180+1"]
[EndTime "8:55:36 PDT"]
[Termination "angryspacevoid won on time"]

1. e4 c5 2. c3 Nf6 3. e5 Nd5 4. Nf3 Nc6 5. Bc4 e6 6. d4 cxd4 7. cxd4 d6 8. Qe2 Be7 9. Nc3 Ncb4 10. a3 Nxc3 11. bxc3 Nd5 12. Bd2 O-O 13. h4 a6 14.
Bd3 f5 15. exf6 Nxf6 16. h5 e5 17. dxe5 dxe5 18. Nxe5 b5 19. Nc6 Qc7 20. Nxe7+ Kh8 21. h6 Re8 22. hxg7+ Kxg7 23. O-O-O Qxe7 24. Qxe7+ Rxe7 25.
f3 Bb7 26. Rh3 Rc8 27. g4 Rcc7 28. g5 Nd5 29. Rxh7+ Kf8 30. Rxe7 Kxe7 31. Kc2 Bc6 32. f4 Kf7 33. Rh1 Kg7 34. Rh7+ Kg8 35. Rxc7 Nxc7 36.
f5 Nd5 37. c4 bxc4 38. Bxc4 Kf8 39. Bxa6 Nc7 40. Bc4 Be4+ 41. Bd3 Bd5 42. f6 Ne8 43. Bg6 Nd6 44. Bb4 Kg8 45. Bxd6 Bc6 46. f7+ Kg7 47.
f8=Q+ Kxg6 48. Qh6+ Kf5 49. g6 1-0

[Event "Early-Titled-Tuesday-Blitz-August-29-2023"]
[Site "Chess.com"]
[Date "2023.08.29"]
[Round "5"]
[White "Mmukka"]
[Black "Orujov2008"]
[Result "0-1"]
[WhiteElo "2433"]
[BlackElo "2611"]
[TimeControl "180+1"]
[EndTime "8:55:37 PDT"]
[Termination "Orujov2008 won on time"]

1. e4 e5 2. Nf3 Nf6 3. d4 Nxe4 4.
Bd3 d5 5. Nxe5 Nd7 6. Nc3 Nxc3 7.
bxc3 Nxe5 8. dxe5 c5 9. Be3 Be7 10.
O-O O-O 11. Qh5 g6 12. Qh6 Re8 13. Rfe1 Bf8 14. Qf4 c4 15. Bf1 Bf5 16. Re2 Qa5 17. Bd4 b5 18. g4 Be6 19. Qe3 Bxg4 20. Rd2 Bf5 21. Bg2 Be6 22. f4 b4 23. Kh1 bxc3 24.
Bxc3 Bc5 25. Qg3 Qb6 26. Rad1 Rad8 27. Bd4 Bxd4 28. Rxd4 Qb2 29. c3 Qxa2 30. h4 h5 31. Rf1 Qc2 32. Rf2 Qb1+ 33. Rf1 Qc2 34. Rf2 Qf5 35. Kh2 a5 36. Ra2 Ra8 37. Bxd5 Bxd5 38. Rxd5 a4 39. Rd6 a3 40. Rf6 Qb1 41. Qg2 Rab8 42.
e6 Rxe6 43. Rxe6 fxe6 44. Rc2 Kh7 45. Rd2 Rb2 46. Qe2 Rxd2 47. Qxd2 Qb2 0-1

[Event "Early-Titled-Tuesday-Blitz-August-29-2023"]
[Site "Chess.com"]
[Date "2023.08.29"]
[Round "5"]
[White "baki83"]
[Black "Andreikka"]
[Result "0-1"]
[WhiteElo "2840"]
[BlackElo "3036"]
[TimeControl "180+1"]
[EndTime "8:55:38 PDT"]
[Termination "Andreikka won by resignation"]

1. e4 e5 2. Nf3 Nc6 3. Bc4 Nf6 4. d3 Bc5 5. Nc3 a6 6. a4 d6 7. O-O h6 8. Be3 O-O 9. Bxc5 dxc5 10.
h3 Qd6 11. Nd5 Nxd5 12. Bxd5 Ne7 13. Bb3 Ng6 14. Kh2 Kh8 15. Nd2 f5 16. Nc4 Qf6 17. exf5 Bxf5 18. Ne3 Bd7 19. Bd5 Nf4 20. Be4 Rad8 21.
Qf3 b6 22. g3 Nxh3 23. Qxf6 Rxf6 24. f3 Ng5 25. Nd5 Rf7 26. g4 Bc6 27. c4 a5 28.
Kg3 Rdf8 29. b3 g6 30. Rae1 Kg7 31. Re3 h5 32. gxh5 gxh5 33. Rh1 Kh6 34. Rh4 Rg7 35.
Kf2 Bd7 36. Re1 Bg4 37. Ke3 Bxf3 38. Rf1 Rgf7 39. Nxc7 Bxe4 40. Rxf7 Rxf7 41. dxe4 Rxc7 0-1

[Event "Early-Titled-Tuesday-Blitz-August-29-2023"]
[Site "Chess.com"]
[Date "2023.08.29"]
[Round "5"]
[White "FormerProdigy"]
[Black "Beltraxtor"]
[Result "0-1"]
[WhiteElo "2861"]
[BlackElo "2654"]
[TimeControl "180+1"]
[EndTime "8:55:38 PDT"]
[Termination "Beltraxtor won on time"]

1. Nf3 Nf6 2. d4 d5 3. Bf4 e6 4.
e3 c5 5. c3 Nc6 6. Nbd2 Bd6 7.
Bg3 O-O 8. Bd3 b6 9. e4 dxe4 10. Nxe4 Be7 11. Nxf6+ Bxf6 12. Qc2 cxd4 13. Bxh7+ Kh8 14.
Be4 Bb7 15. Rd1 Qe7 16. O-O Rfd8 17. Qa4 Rac8 18. cxd4 Nxd4 19. Qxa7 Ne2+ 20. Kh1 Nxg3+ 21. hxg3 Bxe4 22. Qxb6 Rb8 23. Qe3 Bxf3 24. gxf3 Rxb2 25. Kg2 g6 26. Qh6+ Kg8 27. Rxd8+ Qxd8 28. a4 Qd4 29.
Qc1 Qd2 30. Qc8+ Kg7 31. a5 Bd4 32. Qd8 Qe3 33. Kh3 Rxf2 34. Rxf2 Qxf2 35. a6 Qf1+ 36. Kg4 Bf6 37. Qa8 Qc4+ 38. Kh3 Qf1+ 39. Kg4 Bd4 40. Qb7 Qc4 0-1

[Event "Early-Titled-Tuesday-Blitz-August-29-2023"]
[Site "Chess.com"]
[Date "2023.08.29"]
[Round "5"]
[White "krzyzan94"]
[Black "Angry_Twin"]
[Result "1-0"]
[WhiteElo "2785"]
[BlackElo "2955"]
[TimeControl "180+1"]
[EndTime "8:55:40 PDT"]
[Termination "krzyzan94 won by resignation"]

1. Nf3 d5 2. g3 Nf6 3. Bg2 g6 4. O-O Bg7 5. c4 c6 6. d3 O-O 7. Nc3 Re8 8. cxd5 cxd5 9. e4 Nc6 10.
e5 Nd7 11. d4 Nb6 12. h3 Bf5 13. Re1 Nb4 14. Re2 Rc8 15. Ne1 Qd7 16. Kh2 f6 17. a3 Nc6 18. f4 fxe5 19. dxe5 Red8 20. Nf3 d4 21. Ne4 d3 22. Re1 Nc4 23. Bd2 Nxd2 24.
Qxd2 Qd5 25. Nfg5 Qb3 26. Rac1 Nd4 27. Nc5 Qb6 28. b4 Ne2 29. Rc4 Qb5 30. Qa2 e6 31. g4 d2 32. Rxe2 d1=Q 33. gxf5 gxf5 34. Rd4 Qe8 35. Rxd1 Rxd1 36. Ngxe6 Kh8 37. Ng5 h6 38. Nf7+ Kh7 39. Nd6 Qd8 40. Nxc8 Qd4 41. Ne6 Qd3 42. Qc2 Bh8 43. Qxd3 Rxd3 44. Nc5 Rc3 45. e6 b6 46. e7 bxc5 47. e8=Q cxb4 48. Qf7+ Bg7 49. Ne7 1-0

[Event "Early-Titled-Tuesday-Blitz-August-29-2023"]
[Site "Chess.com"]
[Date "2023.08.29"]
[Round "5"]
[White "stasOR4ik"]
[Black "FeketeBarika"]
[Result "1-0"]
[WhiteElo "2491"]
[BlackElo "2332"]
[TimeControl "180+1"]
[EndTime "8:55:41 PDT"]
[Termination "stasOR4ik won by resignation"]

1. e4 e6 2. c4 d5 3. cxd5 exd5 4. exd5 Qxd5 5. Nc3 Qd8 6. Bc4 Nf6 7. Nf3 Bd6 8. Qe2+ Qe7 9. Qxe7+ Bxe7 10. O-O O-O 11. Re1 Bd6 12. d4 Bg4 13. Ne5 c6 14. Bg5 Nbd7 15.
Nxg4 Nxg4 16. Be7 Bxe7 17. Rxe7 Ngf6 18. Rae1 Nb6 19. Bb3 Rab8 20. f3 Nbd5 21. Nxd5 cxd5 22. g4 h6 23. h4 Rfd8 24. g5 hxg5 25. hxg5 Nh5 26.
R1e5 Nf4 27. Rf5 Ne6 28. Rfxf7 Nxg5 29. Rxg7+ Kf8 30. Kf2 Rd6 31. Rxb7 Rxb7 32. Rxb7 a5 33. Rb5 Ne6 34. Ke3 Nc7 35. Rxa5 Re6+ 36. Kf2 Rd6 37. Rc5 Ne6 38. Rxd5 Rb6 39. Ke3 Nc7 40. Rd8+ Ke7 41. Rh8 Nb5 42. Rh7+ Kf8 43. f4 Rg6 44. Rf7+ Ke8 45. Rf5 Nd6 46. Re5+ Kd7 47. Rg5 Rh6 48. d5 Rh2 49. Rg7+ Kd8 50. Rg6 Ke7 51. Kd4 Rd2+ 52.
Kc3 Ne4+ 53. Kb4 Rxb2 54. Re6+ Kd7 55. Rxe4 1-0